 Dungeon Crawl Stone Soup version 0.31-a0-691-g409c26aa35 (webtiles) character file.

Game seed: 1755676824655954161

272479 qw the Slayer (level 20, -1/149 HPs)
             Began as a Gargoyle Hunter on Sept 6, 2023.
             Was a High Priest of Okawaru.
             Slain by a merfolk
             ... wielding a +0 halberd
             ... led by a merfolk impaler
              (12 damage)
             ... on level 4 of the Shoals.
             The game lasted 00:17:13 (32482 turns).

qw the Slayer (Gargoyle Hunter)                    Turns: 32482, Time: 00:17:14

Health: -1/149     AC: 36    Str: 18    XL:     20   Next: 66%
Magic:  27/27      EV: 40    Int: 10    God:    Okawaru [*****.]
Gold:   3727       SH:  0    Dex: 26    Spells: 19/19 levels left

rFire   + . .        q - +6 arbalest "Damnation" {damnation}
rCold   + + .        (shield currently unavailable)
rNeg    + . .        o - +1 ring mail of Defence {rC+ Will+ SInv}
rPois   inf          b - +2 helmet
rElec   +            p - scarf {rC+ rF+}
rCorr   .            z - +2 pair of gloves
SInv    +            t - +1 pair of boots of Resonance {Dex+7}
Will    ++...        (no amulet)
Stlth   +++          c - +5 ring of evasion
HPRegen 0.44/turn    x - +5 ring of evasion
MPRegen 0.20/turn

%: no passive effects
@: about to teleport, heroic, flying, mesmerised
A: sickness immunity, AC +15, big wings, negative energy resistance 1,
electricity resistance, torment resistance 1, petrification resistance
}: 1/15 runes: serpentine
a: Renounce Religion, Heroism, Finesse, Duel


You were on level 4 of the Shoals.
You worshipped Okawaru.
Okawaru was extremely pleased with you.
You visited 7 branches of the dungeon, and saw 35 of its levels.

You collected 4663 gold pieces.
You spent 936 gold pieces at shops.


Innate Abilities, Weirdness & Mutations

You are immune to sickness and miasma.
Your stone body is resilient. (AC +15)
You are immune to poison.
Your large and strong wings let you fly.
You resist negative energy. (rN+)
You are resistant to electric shocks. (rElec)
You are resistant to unholy torment.
You are immune to petrification.


   Skills:
 + Level 23.6(27) Fighting
 - Level 18.0(23.0) Ranged Weapons
 - Level 14.0(19.0) Armour
 - Level 16.0(21.0) Dodging
 - Level 1.1(6.1) Stealth
 - Level 10.1 Invocations


You had 19 spell levels left.
You didn't know any spells.
Your spell library was empty.

Inventory:

Hand Weapons
 q - the +6 arbalest "Damnation" (weapon) {damnation}
   (You acquired it on level 1 of the Lair of Beasts)
Armour
 b - a +2 helmet (worn)
 d - the +0 leather armour of the Gusle {Harm Regen+ SInv}
   (You found it on level 10 of the Dungeon)

   SInv:      It lets you see invisible.
   Regen+:    It increases your rate of health regeneration.
   Harm:      It increases damage dealt and taken.
 h - a +2 leather armour of fire resistance
 o - the +1 ring mail of Defence (worn) {rC+ Will+ SInv}
   (You found it on level 2 of the Shoals)

   rC+:       It protects you from cold.
   Will+:     It increases your willpower.
   SInv:      It lets you see invisible.
 p - a scarf of resistance (worn)
 t - the +1 pair of boots of Resonance (worn) {Dex+7}
   (Okawaru gifted it to you on level 5 of the Lair of Beasts)

   Dex+7:     It affects your dexterity (+7).
 v - a +3 troll leather armour {Snorg}
 y - a +1 cloak
 z - a +2 pair of gloves (worn)
Jewellery
 c - a +5 ring of evasion (left hand)
 w - the ring of Heiwk {Drain rF+++ Str-3 SInv Stlth+}
   (You took it off a deep elf high priest on level 4 of the Vaults)

   [ring of see invisible]

   Str-3:     It affects your strength (-3).
   rF+++:     It renders you almost immune to fire.
   SInv:      It lets you see invisible.
   Drain:     It drains your maximum health when unequipped.
   Stlth+:    It makes you more stealthy.
 x - a +5 ring of evasion (right hand)
 A - a ring of fire
Wands
 B - a wand of digging (7)
Scrolls
 g - a scroll of brand weapon
 k - 19 scrolls of identify
 l - 5 scrolls of enchant weapon
 m - 10 scrolls of teleportation
Potions
 a - 11 potions of curing
 e - 4 potions of mutation
 f - 3 potions of haste
 i - 3 potions of enlightenment
 j - 3 potions of heal wounds
 n - 3 potions of magic
 r - a potion of cancellation
 s - 3 potions of resistance
 u - 5 potions of might

Dungeon Overview and Level Annotations

Branches:
Dungeon (15/15)            Temple (1/1) D:6            Lair (5/5) D:9
 Shoals (4/4) Lair:3        Snake (4/4) Lair:2        Slime (0/5) Lair:5
    Orc (2/2) D:10            Elf (0/3) Orc:2        Vaults (4/5) D:14
  Crypt (0/3) Vaults:2     Depths (0/4) D:15

Altars:
Ashenzari
Cheibriados
Dithmenos
Elyvilon
Fedhas
Gozag
Hepliaklqana
Kikubaaqudgha
Makhleb
Nemelex Xobeh
Okawaru
Qazlal
Ru
Sif Muna
Trog
Uskayaw
Vehumet
Wu Jian
Xom
Yredelemnul
Zin
The Shining One

Shops:
D:1 (   D:3 ?   D:10 ((   Orc:2 (:[*   Shoals:2 [   Snake:4 ?   Vaults:1 [
Vaults:4 [

Annotations:
D:3 1 runed translucent door, Crazy Yiuf
D:14 3 runed translucent doors, qw's ghost, journeyman GrHs
Lair:5 2 runed translucent doors


Message History

The merfolk impaler hits you from afar with a +5 trident of venom!
The merfolk impaler hits you but does no damage.
You shoot a damnation bolt.
The damnation bolt closely misses the merfolk impaler.
The snapping turtle is no longer petrified.
The satyr unwields a +1 spear of pain.
The satyr wields a +0 longbow.
The satyr shoots an arrow.
The arrow misses you. The merfolk misses you.
The snapping turtle completely misses you.
The merfolk impaler closely misses you.
The merfolk aquamancer casts a spell.
The merfolk aquamancer blinks!
The snapping turtle completely misses you.
The merfolk impaler hits you but does no damage.
The merfolk completely misses you.
The merfolk siren chants its luring song.
The merfolk siren struggles against the net.
The merfolk impaler hits you from afar with a +5 trident of venom.
You shoot a damnation bolt.
The damnation bolt closely misses the merfolk impaler.
The damnation bolt closely misses the water nymph.
The merfolk impaler completely misses you.
The merfolk hits you but does no damage.
The water nymph flows with the water.
The satyr shoots an arrow.
The arrow hits you! The snapping turtle barely misses you.
The snapping turtle completely misses you.
The merfolk impaler completely misses you. x2
The merfolk completely misses you.
32482 ||| READING 11 scrolls of teleportation.
As you read the scroll of teleportation, it crumbles to dust.
You feel strangely unstable. The merfolk impaler misses you.
The merfolk hits you from afar with a +0 halberd!
The snapping turtle misses you. The merfolk impaler barely misses you.
The satyr unwields a +0 longbow.
The satyr wields a +1 spear of pain.
The satyr hits you with a +1 spear of pain!
You writhe in agony.
The snapping turtle completely misses you.
The merfolk impaler hits you from afar with a +5 trident of venom.
The merfolk hits you from afar with a +0 halberd!
You die...

.P........~..~.......~~.~~.
......^..<..~~~~.........~.
~P...<./....~~~.~.......?..
P~~P.......~~~~~..~.......
P~~~:.....~~m~~..........
P~~~~~~~.~~m~m..........
~~~~~~~)~[mmtm.........
~~~~.~...m))%.........
~~~.....m%@(t........
~~~.....c..m........
.................~
,..................
~.....~.....~~...~
~..~~~~~...~~~~...
~...~~~~...~~~~..~
~.~~~~~~..~...~~~~
~~~~~~...~~...~~~~


You could see 3 merfolk impalers, a satyr, a merfolk aquamancer, 2 snapping
turtles, 2 merfolk, a merfolk siren (mesmerising, caught) and 2 water nymphs.

Vanquished Creatures
  Norris (Vaults:3)
  Jorgrun (D:15)
  2 sphinxes
  Polyphemus (Shoals:4)
  A nagaraja (Snake:4)
  Ilsuiw (Shoals:2)
  A deep elf sorcerer (Vaults:1)
  14 vault wardens
  Louise (D:14)
  14 ironbound preservers
  A stone giant (Vaults:3)
  3 orc warlords
  A formless jellyfish (Vaults:4)
  2 war gargoyles
  8 ironbound thunderhulks
  Nessos (D:14)
  22 dire elephants
  Azrael (Orc:2)
  Snorg (D:11)
  A deep elf death mage (Vaults:1)
  3 ettins
  6 merfolk javelineers
  2 crystal guardians (Vaults:2)
  5 entropy weavers
  7 yaktaur captains
  7 merfolk impalers
  Josephine (D:12)
  3 hydras
  2 deep elf high priests (Vaults:4)
  11 vault guards
  2 salamander tyrants (Snake:4)
  4 great orbs of eyes
  Erolcha (Orc:2)
  2 ogre magi (D:15)
  6 peacekeepers
  4 ironbound frosthearts
  2 catoblepae
  4 merfolk aquamancers
  3 alligator snapping turtles
  A satyr (Shoals:4)
  8 two-headed ogres
  4 boulder beetles
  2 death knights (Vaults:2)
  10 anacondas
  10 centaur warriors
  3 death yaks (Lair:5)
  15 naga warriors
  15 naga sharpshooters
  2 shock serpents
  4 sun demons (Shoals:4)
  2 sun moths (Shoals:4)
  7 salamander mystics
  9 skysharks
  4 skeletal warriors (D:12)
  13 sea snakes
  29 deep trolls
  A glowing orange brain (Vaults:1)
  12 wizards
  An obsidian statue (Vaults:2)
  9 lindwurms
  3 necromancers
  A harpy (shapeshifter) (D:13)
  4 spriggan simulacra (Snake:2)
  11 ironbound convokers
  9 orc knights
  A deep elf pyromancer (D:13)
  A phantasmal warrior (D:14)
  4 harpies (Shoals:4)
  4 naga ritualists
  An oklob plant (Lair:5)
  17 mana vipers
  A wolf spider zombie (D:15)
  6 fauns
  5 orc sorcerers (Orc:2)
  3 cyclopes
  9 manticores
  12 salamanders
  6 elephants (Lair:5)
  9 ugly things
  5 guardian serpents
  6 water nymphs
  36 black mambas
  A human skeleton (Vaults:4)
  Maurice (D:13)
  27 vault sentinels
  2 molten gargoyles (Lair:5)
  7 merfolk sirens
  7 naga magi
  8 cane toads
  An unseen horror (D:12)
  13 komodo dragons
  A centaur skeleton (D:15)
  2 rime drakes (Lair:5)
  25 yaktaurs
  A yaktaur skeleton (Vaults:4)
  3 efreet
  15 merfolk
  A tengu conjurer (D:13)
  5 trolls
  3 meliai (D:15)
  A hornet (D:9)
  A polar bear (Lair:5)
  9 dream sheep
  3 wind drakes
  4 snapping turtles
  3 blink frogs (Lair:2)
  A deep troll zombie (Vaults:4)
  41 slime creatures
  A stone giant simulacrum (Vaults:4)
  A centaur simulacrum (D:15)
  A vampire (D:12)
  2 shadows
  7 wyverns
  9 yaks
  7 water elementals
  8 wraiths
  3 fire elementals (Orc:2)
  8 basilisks
  A golden eye (shapeshifter) (D:14)
  3 steam dragons
  2 minotaur simulacra (Snake:2)
  6 redbacks
  4 acid dragons
  35 nagas
  3 wargs
  A glowing shapeshifter zombie (Vaults:4)
  12 water moccasins
  7 hell hounds
  27 orc warriors
  2 ice beasts
  3 black bears
  12 wolves (Lair:3)
  A boggart (Vaults:1)
  13 ogres
  4 centaurs
  A phantom (D:7)
  A kobold brigand (D:9)
  11 bullfrogs
  4 gnoll sergeants
  10 scorpions
  17 wights
  10 killer bees
  2 lindwurm simulacra (Snake:2)
  5 electric eels
  A howler monkey (D:4)
  4 lava snakes (Lair:5)
  8 hounds
  16 orc priests
  4 sleepcaps
  Ijyb (D:3)
  An iguana (D:5)
  22 orc wizards
  Robin (D:3)
  6 adders
  24 gnolls
  A shadow imp (D:7)
  2 white imps
  A worm (D:3)
  2 dart slugs (D:2)
  63 orcs
  8 ball pythons
  A bat (D:2)
  A bat zombie (D:10)
  7 endoplasms
  2 giant cockroaches (D:3)
  15 goblins
  9 hobgoblins
  9 jackals
  16 kobolds
  A quokka (D:5)
  4 frilled lizards
  2 rats
  A rat zombie (D:10)
1131 creatures vanquished.

Vanquished Creatures (others)
  A water elemental (Shoals:4)
1 creature vanquished.

Grand Total: 1132 creatures vanquished

Notes
Turn   | Place    | Note
-------+----------+-------------------------------------------
     0 | D:1      | qw the Gargoyle Hunter began the quest for the Orb.
     0 | D:1      | Reached XP level 1. HP: 12/12 MP: 1/1
     0 | D:1      | 0 ||| qw: Version: 0.3-a-76-g4403597
     0 | D:1      | 0 ||| qw: Game counter: 4
     0 | D:1      | 0 ||| qw: Melee chars always use a shield: true
     0 | D:1      | 0 ||| qw: God list: Okawaru
     0 | D:1      | 0 ||| qw: Allow faded altars: false
     0 | D:1      | 0 ||| qw: Do Orc after clearing Dungeon:15 true
     0 | D:1      | 0 ||| qw: Do second Lair branch before Depths: true
     0 | D:1      | 0 ||| qw: Lair rune preference: random
     0 | D:1      | 0 ||| qw: Goals: Normal
     0 | D:1      | 0 ||| PLANNING D:1-11
   205 | D:1      | Reached XP level 2. HP: 17/17 MP: 2/2
   221 | D:1      | Found Myrghol's Weapon Shoppe.
   583 | D:1      | 583 ||| READING scroll labelled CIETOG EPUDWIEV.
   584 | D:1      | 584 ||| DROPPING scroll of butterflies.
   748 | D:1      | 748 ||| READING scroll labelled OCA IT AMPORYCK.
   829 | D:2      | 829 ||| FLEEEEING.
   830 | D:2      | 830 ||| FLEEEEING.
   831 | D:2      | 831 ||| FLEEEEING.
   832 | D:2      | 832 ||| FLEEEEING.
   833 | D:2      | 833 ||| FLEEEEING.
   901 | D:2      | Reached XP level 3. HP: 21/21 MP: 3/3
   944 | D:2      | Found a faded altar of an unknown god.
  1040 | D:2      | Reached skill level 3 in Fighting
  1228 | D:2      | Reached XP level 4. HP: 25/28 MP: 4/4
  1286 | D:2      | 1286 ||| UPGRADING to +1 pair of boots.
  1291 | D:2      | 1291 ||| UPGRADING to +2 leather armour of fire resistance.
  1301 | D:2      | 1301 ||| DROPPING +0 leather armour.
  1302 | D:2      | 1302 ||| READING scroll labelled NUGOABYAC.
  1303 | D:2      | 1303 ||| READING scroll labelled XARGHIA YJONO.
  1304 | D:2      | 1304 ||| DRINKING 2 viscous red potions.
  1338 | D:3      | Noticed Robin
  1346 | D:3      | HP: 7/28 [goblin/+0 dagger[Robin] (1)]
  1347 | D:3      | Killed Robin
  1347 | D:3      | HP: 2/28 [goblin/+0 dagger[Robin] (2)]
  1355 | D:3      | HP: 2/28 [goblin/+0 dagger[Robin] (2)]
  1564 | D:3      | Noticed Ijyb
  1567 | D:3      | Killed Ijyb
  1568 | D:3      | Reached XP level 5. HP: 23/32 MP: 5/5
  1822 | D:3      | Found Beezimuu's Magic Scroll Boutique.
  1830 | D:3      | 1830 ||| BUYING scroll of identify (26 gold).
  1830 | D:3      | Bought a scroll of identify for 26 gold pieces
  1830 | D:3      | 1830 ||| BUYING scroll of identify (26 gold).
  1830 | D:3      | Bought a scroll of identify for 26 gold pieces
  1830 | D:3      | 1830 ||| SHOPLISTING scroll of teleportation (39 gold, have
                  | 38).
  2006 | D:3      | Found a runed translucent door.
  2007 | D:3      | Noticed Crazy Yiuf
  2212 | D:3      | Reached skill level 6 in Ranged Weapons
  2307 | D:3      | 2307 ||| UPGRADING to +1 helmet.
  2312 | D:3      | 2312 ||| UPGRADING to +5 ring of evasion.
  2313 | D:3      | 2313 ||| READING scroll labelled UPLIRU YMYGI.
  2357 | D:3      | 2357 ||| READING 3 scrolls of identify.
  2357 | D:3      | 2357 ||| IDENTIFYING silvery potion
  2358 | D:3      | 2358 ||| READING 2 scrolls of identify.
  2358 | D:3      | 2358 ||| IDENTIFYING orange potion
  2386 | D:4      | Noticed a black bear
  2390 | D:4      | Killed a black bear
  2396 | D:4      | Found a hazy altar of Hepliaklqana.
  2425 | D:4      | Reached XP level 6. HP: 37/37 MP: 6/6
  2523 | D:4      | Reached skill level 4 in Fighting
  2655 | D:4      | Reached XP level 7. HP: 22/43 MP: 7/7
  2962 | D:4      | Found a basalt altar of Yredelemnul.
  2963 | D:4      | Found a bloodstained altar of Trog.
  3334 | D:4      | 3334 ||| READING scroll labelled FEVAUMMIAC.
  3335 | D:4      | 3335 ||| DRINKING 2 sedimented sapphire potions.
  3336 | D:4      | 3336 ||| READING 2 scrolls of identify.
  3336 | D:4      | 3336 ||| IDENTIFYING yellow potion
  3371 | D:5      | Entered Level 5 of the Dungeon
  3398 | D:5      | 3398 ||| READING scroll of enchant weapon.
  3398 | D:5      | 3398 ||| ENCHANTING +0 heavy shortbow.
  3431 | D:5      | 3431 ||| RETREATING.
  3438 | D:5      | 3438 ||| Stepping ~*~*~tactically~*~*~ (retreating).
  3439 | D:5      | 3439 ||| Stepping ~*~*~tactically~*~*~ (retreating).
  3440 | D:5      | 3440 ||| Stepping ~*~*~tactically~*~*~ (retreating).
  3466 | D:5      | 3466 ||| FLEEEEING.
  3467 | D:5      | 3467 ||| FLEEEEING.
  3474 | D:5      | 3474 ||| STAIRDANCE
  3541 | D:4      | 3541 ||| READING scroll labelled DIARPHE USUJ.
  3542 | D:4      | 3542 ||| READING 2 scrolls of identify.
  3542 | D:4      | 3542 ||| IDENTIFYING smoky silvery potion
  3543 | D:4      | 3543 ||| DROPPING potion of lignification.
  3547 | D:5      | Reached XP level 8. HP: 48/48 MP: 8/8
  3575 | D:5      | Reached skill level 5 in Fighting
  3588 | D:5      | 3588 ||| READING scroll of enchant armour.
  3588 | D:5      | 3588 ||| ENCHANTING +1 helmet.
  3747 | D:5      | 3747 ||| READING scroll of enchant armour.
  3747 | D:5      | 3747 ||| ENCHANTING +1 pair of boots.
  3786 | D:5      | Reached skill level 9 in Ranged Weapons
  3956 | D:5      | 3956 ||| READING scroll labelled KUCKEHITHRO.
  4040 | D:6      | Reached skill level 6 in Fighting
  4108 | D:6      | 4108 ||| READING scroll of enchant weapon.
  4108 | D:6      | 4108 ||| ENCHANTING +1 heavy shortbow.
  4156 | D:6      | 4156 ||| Stepping ~*~*~tactically~*~*~ (retreating).
  4157 | D:6      | 4157 ||| Stepping ~*~*~tactically~*~*~ (retreating).
  4158 | D:6      | 4158 ||| Stepping ~*~*~tactically~*~*~ (retreating).
  4159 | D:6      | 4159 ||| Stepping ~*~*~tactically~*~*~ (retreating).
  4160 | D:6      | 4160 ||| Stepping ~*~*~tactically~*~*~ (retreating).
  4188 | D:6      | Reached XP level 9. HP: 45/55 MP: 9/9
  4231 | D:6      | 4231 ||| SWAPPING to +0 orcbow.
  4232 | D:6      | 4232 ||| DROPPING +2 heavy shortbow.
  4282 | D:6      | Found a staircase to the Ecumenical Temple.
  4283 | D:6      | 4283 ||| PLANNING TEMPLE
  4291 | Temple   | Entered the Ecumenical Temple
  4292 | Temple   | 4292 ||| PLANNING OKAWARU WORSHIP
  4295 | Temple   | Became a worshipper of Warmaster Okawaru
  4296 | Temple   | 4296 ||| PLANNING D:1-11
  4321 | D:6      | Identified the +2 ring mail of Ytugydo {Str-2 Int+8 Dex+3}
  4496 | D:6      | 4496 ||| UPGRADING to +2 ring mail of Ytugydo {Str-2 Int+8
                  | Dex+3}.
  4534 | D:7      | Reached skill level 3 in Armour
  4650 | D:7      | Reached skill level 3 in Dodging
  4702 | D:7      | 4702 ||| RETREATING.
  4708 | D:7      | 4708 ||| Stepping ~*~*~tactically~*~*~ (retreating).
  4709 | D:7      | 4709 ||| Stepping ~*~*~tactically~*~*~ (retreating).
  4710 | D:7      | 4710 ||| Stepping ~*~*~tactically~*~*~ (retreating).
  4711 | D:7      | 4711 ||| Stepping ~*~*~tactically~*~*~ (retreating).
  4713 | D:7      | 4713 ||| Stepping ~*~*~tactically~*~*~ (retreating).
  4714 | D:7      | 4714 ||| Stepping ~*~*~tactically~*~*~ (retreating).
  4715 | D:7      | 4715 ||| Stepping ~*~*~tactically~*~*~ (retreating).
  4716 | D:7      | 4716 ||| Stepping ~*~*~tactically~*~*~ (retreating).
  4717 | D:7      | 4717 ||| Stepping ~*~*~tactically~*~*~ (retreating).
  4718 | D:7      | 4718 ||| Stepping ~*~*~tactically~*~*~ (retreating).
  4727 | D:7      | Reached skill level 7 in Fighting
  4747 | D:7      | Reached * piety under Okawaru
  4945 | D:7      | 4945 ||| Stepping ~*~*~tactically~*~*~ (outnumbered).
  4956 | D:7      | 4956 ||| Stepping ~*~*~tactically~*~*~ (retreating).
  4957 | D:7      | 4957 ||| Stepping ~*~*~tactically~*~*~ (retreating).
  4958 | D:7      | 4958 ||| Stepping ~*~*~tactically~*~*~ (outnumbered).
  4962 | D:7      | 4962 ||| DRINKING 2 potions of curing.
  4962 | D:7      | 4962 ||| (to cure confusion)
  4963 | D:7      | 4963 ||| Stepping ~*~*~tactically~*~*~ (retreating).
  4964 | D:7      | 4964 ||| Stepping ~*~*~tactically~*~*~ (retreating).
  4965 | D:7      | 4965 ||| Stepping ~*~*~tactically~*~*~ (retreating).
  4966 | D:7      | 4966 ||| Stepping ~*~*~tactically~*~*~ (retreating).
  4967 | D:7      | 4967 ||| Stepping ~*~*~tactically~*~*~ (retreating).
  4968 | D:7      | 4968 ||| INVOKING Heroism.
  4969 | D:7      | 4969 ||| Stepping ~*~*~tactically~*~*~ (retreating).
  4970 | D:7      | 4970 ||| Stepping ~*~*~tactically~*~*~ (retreating).
  5259 | D:7      | 5259 ||| READING scroll labelled BOD PUGHIYLO.
  5259 | D:7      | Identified a scroll of acquirement
  5259 | D:7      | 5259 ||| ACQUIRING +6 arbalest "Embalmer" {antimagic, rN++
                  | Int+3 Stlth+}
  5259 | D:7      | Acquired the +6 arbalest "Embalmer" {antimagic, rN++ Int+3
                  | Stlth+}
  5261 | D:7      | 5261 ||| READING scroll labelled HUHEF GEEJE.
  5262 | D:7      | 5262 ||| READING 2 scrolls of identify.
  5262 | D:7      | 5262 ||| IDENTIFYING fizzy pink potion
  5263 | D:7      | 5263 ||| DROPPING potion of invisibility.
  5407 | D:8      | Reached skill level 1 in Invocations
  5633 | D:8      | 5633 ||| INVOKING Heroism.
  5636 | D:8      | 5636 ||| Stepping ~*~*~tactically~*~*~ (retreating).
  5637 | D:8      | 5637 ||| Stepping ~*~*~tactically~*~*~ (retreating).
  5973 | D:8      | Reached skill level 8 in Fighting
  5995 | D:8      | 5995 ||| RETREATING.
  5998 | D:8      | 5998 ||| Stepping ~*~*~tactically~*~*~ (retreating).
  5999 | D:8      | 5999 ||| Stepping ~*~*~tactically~*~*~ (retreating).
  6000 | D:8      | 6000 ||| Stepping ~*~*~tactically~*~*~ (retreating).
  6032 | D:8      | 6032 ||| INVOKING Heroism.
  6243 | D:8      | Reached skill level 3 in Invocations
  6243 | D:8      | Reached XP level 10. HP: 64/64 MP: 12/12
  6376 | D:8      | 6376 ||| READING 2 scrolls of identify.
  6376 | D:8      | 6376 ||| IDENTIFYING fizzy blue potion
  6524 | D:9      | Found a shadowy altar of Dithmenos.
  6571 | D:9      | 6571 ||| Stepping ~*~*~tactically~*~*~ (outnumbered).
  6575 | D:9      | 6575 ||| Stepping ~*~*~tactically~*~*~ (outnumbered).
  6577 | D:9      | 6577 ||| Stepping ~*~*~tactically~*~*~ (outnumbered).
  6668 | D:9      | 6668 ||| Stepping ~*~*~tactically~*~*~ (outnumbered).
  6670 | D:9      | 6670 ||| Stepping ~*~*~tactically~*~*~ (outnumbered).
  6673 | D:9      | 6673 ||| Stepping ~*~*~tactically~*~*~ (outnumbered).
  6675 | D:9      | 6675 ||| Stepping ~*~*~tactically~*~*~ (outnumbered).
  6677 | D:9      | 6677 ||| Stepping ~*~*~tactically~*~*~ (outnumbered).
  6702 | D:9      | Reached ** piety under Okawaru
  6718 | D:9      | Found a staircase to the Lair.
  6784 | D:9      | Reached skill level 12 in Ranged Weapons
  6898 | D:9      | Found a broken altar of Ashenzari.
  6982 | D:9      | 6982 ||| INVOKING Heroism.
  7016 | D:9      | 7016 ||| Stepping ~*~*~tactically~*~*~ (retreating).
  7382 | D:9      | 7382 ||| PLANNING LAIR
  7382 | D:9      | 7382 ||| READING 3 scrolls of identify.
  7382 | D:9      | 7382 ||| IDENTIFYING lumpy grey potion
  7383 | D:9      | 7383 ||| READING 2 scrolls of identify.
  7383 | D:9      | 7383 ||| IDENTIFYING cyan potion
  7384 | D:9      | 7384 ||| DROPPING potion of ambrosia.
  7414 | Lair:1   | Entered Level 1 of the Lair of Beasts
  7450 | Lair:1   | 7450 ||| READING scroll of acquirement.
  7450 | Lair:1   | 7450 ||| ACQUIRING +6 arbalest "Damnation" {damnation}
  7450 | Lair:1   | Acquired the +6 arbalest "Damnation" {damnation}
  7450 | Lair:1   | Found the +6 arbalest "Damnation" {damnation}
  7452 | Lair:1   | 7452 ||| SWAPPING to +6 arbalest "Damnation" {damnation}.
  7453 | Lair:1   | 7453 ||| DROPPING +6 arbalest "Embalmer" {antimagic, rN++
                  | Int+3 Stlth+}.
  7454 | Lair:1   | 7454 ||| DROPPING +0 orcbow.
  7481 | Lair:1   | Noticed a cane toad
  7482 | Lair:1   | 7482 ||| INVOKING Heroism.
  7483 | Lair:1   | Killed a cane toad
  7649 | Lair:1   | 7649 ||| INVOKING Heroism.
  7683 | Lair:1   | Found the +4 robe of Folly {Brill Will-∞ Int+8}
  7686 | Lair:1   | 7686 ||| INVOKING Heroism.
  7811 | Lair:1   | Reached XP level 11. HP: 69/69 MP: 14/14
  7812 | Lair:1   | Reached *** piety under Okawaru
  8152 | Lair:1   | 8152 ||| INVOKING Heroism.
  8156 | Lair:1   | Reached skill level 9 in Fighting
  8199 | Lair:1   | 8199 ||| UPGRADING to scarf of resistance.
  8204 | Lair:1   | 8204 ||| DROPPING +6 ring of intelligence.
  8205 | Lair:1   | 8205 ||| READING scroll labelled DAOR JIZ GEC.
  8287 | Lair:2   | Noticed a salamander
  8290 | Lair:2   | Killed a salamander
  8294 | Lair:2   | Found a staircase to the Snake Pit.
  8360 | Lair:2   | 8360 ||| INVOKING Heroism.
  8375 | Lair:2   | 8375 ||| DROPPING amulet of magic regeneration.
  8376 | Lair:2   | 8376 ||| READING 2 scrolls of identify.
  8376 | Lair:2   | 8376 ||| IDENTIFYING bubbling yellow potion
  8377 | Lair:2   | 8377 ||| DROPPING potion of brilliance.
  8578 | Lair:2   | 8578 ||| INVOKING Heroism.
  8632 | Lair:2   | 8632 ||| INVOKING Heroism.
  8826 | Lair:2   | Identified the +1 robe of Fortitude {rCorr Dex+3}
  8980 | Lair:2   | 8980 ||| DROPPING +1 robe of Fortitude {rCorr Dex+3}.
  9015 | Lair:3   | 9015 ||| INVOKING Heroism.
  9022 | Lair:3   | Noticed a skyshark
  9026 | Lair:3   | 9026 ||| Stepping ~*~*~tactically~*~*~ (retreating).
  9029 | Lair:3   | Killed a skyshark
  9030 | Lair:3   | Reached skill level 10 in Fighting
  9033 | Lair:3   | Reached **** piety under Okawaru
  9050 | Lair:3   | 9050 ||| FLEEEEING.
  9051 | Lair:3   | 9051 ||| FLEEEEING.
  9052 | Lair:3   | 9052 ||| STAIRDANCE
  9082 | Lair:3   | 9082 ||| INVOKING Heroism.
  9205 | Lair:3   | 9205 ||| INVOKING Heroism.
  9211 | Lair:3   | 9211 ||| RETREATING.
  9222 | Lair:3   | 9222 ||| Stepping ~*~*~tactically~*~*~ (retreating).
  9224 | Lair:3   | 9224 ||| Stepping ~*~*~tactically~*~*~ (retreating).
  9225 | Lair:3   | 9225 ||| INVOKING Heroism.
  9305 | Lair:3   | 9305 ||| INVOKING Heroism.
  9338 | Lair:3   | 9338 ||| INVOKING Heroism.
  9342 | Lair:3   | Reached XP level 12. HP: 77/77 MP: 13/16
  9488 | Lair:3   | Reached skill level 6 in Invocations
  9548 | Lair:3   | Reached skill level 15 in Ranged Weapons
  9555 | Lair:3   | Reached ***** piety under Okawaru
  9564 | Lair:3   | Found a staircase to the Shoals.
  9627 | Lair:3   | 9627 ||| INVOKING Heroism.
  9743 | Lair:3   | 9743 ||| RETREATING.
  9754 | Lair:3   | 9754 ||| Stepping ~*~*~tactically~*~*~ (retreating).
  9755 | Lair:3   | 9755 ||| Stepping ~*~*~tactically~*~*~ (retreating).
  9817 | Lair:3   | Identified the +2 leather armour "Opoloif" {rN+ Str+3}
  9979 | Lair:3   | 9979 ||| DROPPING +2 leather armour "Opoloif" {rN+ Str+3}.
  9980 | Lair:3   | 9980 ||| DROPPING amulet of guardian spirit.
  9981 | Lair:3   | 9981 ||| READING scroll labelled AMARUNKAWOM.
  9982 | Lair:3   | 9982 ||| READING scroll labelled WEDAEPUHEX.
 10042 | Lair:4   | 10042 ||| Stepping ~*~*~tactically~*~*~ (water).
 10043 | Lair:4   | 10043 ||| INVOKING Heroism.
 10095 | Lair:4   | Noticed a skyshark
 10099 | Lair:4   | Killed a skyshark
 10101 | Lair:4   | 10101 ||| INVOKING Heroism.
 10120 | Lair:4   | Found a dark tunnel.
 10347 | Lair:4   | Noticed a five-headed hydra
 10348 | Lair:4   | 10348 ||| INVOKING Heroism.
 10351 | Lair:4   | 10351 ||| RETREATING.
 10353 | Lair:4   | Killed a five-headed hydra
 10770 | Lair:5   | Entered Level 5 of the Lair of Beasts
 10799 | Lair:5   | Reached skill level 9 in Invocations
 10800 | Lair:5   | Identified the +1 pair of boots of Resonance {Dex+7}
                  | (Okawaru gifted it to you on level 5 of the Lair of Beasts)
 10800 | Lair:5   | Received a gift from Okawaru
 10826 | Lair:5   | 10826 ||| INVOKING Heroism.
 10830 | Lair:5   | Noticed a catoblepas
 10831 | Lair:5   | 10831 ||| INVOKING Finesse.
 10838 | Lair:5   | Noticed a death yak
 10840 | Lair:5   | Killed a catoblepas
 10843 | Lair:5   | Noticed a death yak
 10844 | Lair:5   | 10844 ||| RETREATING.
 10846 | Lair:5   | Noticed a death yak
 10850 | Lair:5   | Killed a death yak
 10851 | Lair:5   | Reached XP level 13. HP: 82/82 MP: 14/20
 10877 | Lair:5   | 10877 ||| FLEEEEING.
 10878 | Lair:5   | 10878 ||| FLEEEEING.
 10904 | Lair:5   | 10904 ||| RETREATING.
 10905 | Lair:5   | 10905 ||| Stepping ~*~*~tactically~*~*~ (retreating).
 10906 | Lair:5   | 10906 ||| Stepping ~*~*~tactically~*~*~ (retreating).
 10909 | Lair:5   | 10909 ||| Stepping ~*~*~tactically~*~*~ (retreating).
 10916 | Lair:5   | Reached skill level 11 in Fighting
 10987 | Lair:5   | 10987 ||| INVOKING Heroism.
 11015 | Lair:5   | Found a staircase to the Slime Pits.
 11077 | Lair:5   | 11077 ||| INVOKING Heroism.
 11232 | Lair:5   | Found a blossoming altar of Fedhas.
 11253 | Lair:5   | 11253 ||| INVOKING Heroism.
 11254 | Lair:5   | 11254 ||| INVOKING Finesse.
 11255 | Lair:5   | 11255 ||| UPGRADING to +1 pair of boots of Resonance
                  | {Dex+7}.
 11265 | Lair:5   | 11265 ||| DROPPING +2 pair of boots.
 11269 | Lair:5   | 11269 ||| INVOKING Heroism.
 11481 | Lair:5   | 11481 ||| RETREATING.
 11484 | Lair:5   | 11484 ||| INVOKING Heroism.
 11492 | Lair:5   | Reached skill level 6 in Dodging
 11541 | Lair:5   | 11541 ||| INVOKING Heroism.
 11575 | Lair:5   | Found a large runed translucent door.
 11579 | Lair:5   | 11579 ||| Stepping ~*~*~tactically~*~*~ (outnumbered).
 11581 | Lair:5   | 11581 ||| Stepping ~*~*~tactically~*~*~ (outnumbered).
 11586 | Lair:5   | Found a large runed translucent door.
 11684 | Lair:5   | Noticed a fire dragon
 12239 | Lair:5   | 12239 ||| PLANNING D:1-11
 12422 | D:10     | Entered Level 10 of the Dungeon
 12495 | D:10     | Found a flagged portal.
 12497 | D:10     | Found Yxkis's Weapon Shoppe.
 12560 | D:10     | Identified the +0 leather armour of the Gusle {Harm Regen+
                  | SInv}
 12615 | D:10     | 12615 ||| INVOKING Heroism.
 12628 | D:10     | Found a staircase to the Orcish Mines.
 12711 | D:10     | Found Nocseor's Weapon Shop.
 12920 | D:10     | Found an ancient bone altar of Kikubaaqudgha.
 13083 | D:10     | 13083 ||| DRINKING 2 golden potions.
 13122 | D:11     | 13122 ||| Stepping ~*~*~tactically~*~*~ (outnumbered).
 13126 | D:11     | 13126 ||| STAIRDANCE
 13132 | D:11     | 13132 ||| STAIRDANCE
 13147 | D:11     | Reached skill level 6 in Armour
 13150 | D:11     | Noticed Snorg
 13151 | D:11     | 13151 ||| RETREATING.
 13152 | D:11     | 13152 ||| INVOKING Heroism.
 13155 | D:11     | 13155 ||| INVOKING Finesse.
 13157 | D:11     | Killed Snorg
 13158 | D:11     | Identified the +0 kite shield of Figiedaw {rF- rN+ Dex+2}
                  | (Okawaru gifted it to you on level 11 of the Dungeon)
 13158 | D:11     | Received a gift from Okawaru
 13206 | D:11     | 13206 ||| INVOKING Heroism.
 13226 | D:11     | 13226 ||| INVOKING Finesse.
 13279 | D:11     | Gained mutation: Your large and strong wings let you fly.
                  | [Gargoyle growth]
 13279 | D:11     | Reached XP level 14. HP: 90/90 MP: 21/21
 13312 | D:11     | You are sucked into a shaft and drop 3 floors!
 13313 | D:14     | Found an opulent altar of Gozag.
 13347 | D:14     | 13347 ||| UPGRADING to +3 troll leather armour {Snorg}.
 13357 | D:14     | 13357 ||| DROPPING +2 ring mail of Ytugydo {Str-2 Int+8
                  | Dex+3}.
 13358 | D:14     | 13358 ||| UPGRADING to ring of see invisible.
 13359 | D:14     | 13359 ||| DRINKING 2 sedimented dark potions.
 13360 | D:14     | 13360 ||| READING 2 scrolls of identify.
 13360 | D:14     | 13360 ||| IDENTIFYING ruby potion
 13361 | D:14     | 13361 ||| DROPPING potion of degeneration.
 13464 | D:12     | Noticed Josephine
 13467 | D:12     | Killed Josephine
 13709 | D:11     | 13709 ||| PLANNING D
 13763 | D:12     | 13763 ||| INVOKING Heroism.
 13778 | D:12     | Reached skill level 18 in Ranged Weapons
 14255 | D:12     | 14255 ||| READING scroll labelled JUVAAZ NOXYWNE.
 14256 | D:12     | 14256 ||| READING 2 scrolls of identify.
 14256 | D:12     | 14256 ||| IDENTIFYING coppery potion
 14257 | D:12     | 14257 ||| DROPPING potion of attraction.
 14549 | D:13     | Noticed Maurice
 14551 | D:13     | Killed Maurice
 14882 | D:14     | Noticed Louise
 14883 | D:14     | 14883 ||| INVOKING Heroism.
 14890 | D:14     | Killed Louise
 14891 | D:14     | Reached skill level 12 in Fighting
 14968 | D:14     | Noticed Nessos
 14973 | D:14     | 14973 ||| RETREATING.
 14974 | D:14     | Killed Nessos
 15041 | D:14     | 15041 ||| RETREATING.
 15106 | D:14     | Found a runed translucent gate.
 15106 | D:14     | Found a runed translucent gate.
 15106 | D:14     | Found a runed translucent gate.
 15284 | D:14     | Found a gate to the Vaults.
 15355 | D:14     | Noticed qw's ghost (journeyman GrHs)
 15399 | D:15     | Entered Level 15 of the Dungeon
 15514 | D:15     | 15514 ||| RETREATING.
 15634 | D:15     | Found a staircase to the Depths.
 15680 | D:15     | 15680 ||| RETREATING.
 15694 | D:15     | Reached skill level 13 in Fighting
 15771 | D:15     | 15771 ||| INVOKING Heroism.
 15772 | D:15     | 15772 ||| INVOKING Finesse.
 15854 | D:15     | 15854 ||| INVOKING Heroism.
 15855 | D:15     | 15855 ||| RETREATING.
 15950 | D:15     | Noticed Jorgrun
 15951 | D:15     | 15951 ||| INVOKING Heroism.
 15954 | D:15     | 15954 ||| RETREATING.
 15968 | D:15     | 15968 ||| Stepping ~*~*~tactically~*~*~ (retreating).
 15969 | D:15     | 15969 ||| Stepping ~*~*~tactically~*~*~ (retreating).
 15971 | D:15     | Killed Jorgrun
 15972 | D:15     | Reached skill level 9 in Dodging
 15976 | D:15     | Reached XP level 15. HP: 84/99 MP: 22/22
 15978 | D:15     | 15978 ||| INVOKING Heroism.
 16015 | D:15     | Found a radiant altar of Vehumet.
 16403 | D:15     | 16403 ||| PLANNING ORC
 16520 | Orc:1    | Entered Level 1 of the Orcish Mines
 16524 | Orc:1    | 16524 ||| STAIRDANCE
 16539 | Orc:1    | 16539 ||| STAIRDANCE
 16541 | D:10     | 16541 ||| INVOKING Heroism.
 16542 | D:10     | 16542 ||| INVOKING Finesse.
 16543 | D:10     | HP: 19/100 [ettin/+0 dire flail (12)]
 16544 | D:10     | 16544 ||| READING 7 scrolls of teleportation.
 16545 | D:10     | 16545 ||| DRINKING 3 potions of heal wounds.
 16548 | D:10     | 16548 ||| DRINKING 2 potions of heal wounds.
 16594 | Orc:1    | 16594 ||| STAIRDANCE
 16614 | Orc:1    | 16614 ||| STAIRDANCE
 16631 | Orc:1    | 16631 ||| STAIRDANCE
 16642 | Orc:1    | 16642 ||| STAIRDANCE
 16658 | Orc:1    | 16658 ||| STAIRDANCE
 16664 | Orc:1    | 16664 ||| STAIRDANCE
 16671 | Orc:1    | 16671 ||| STAIRDANCE
 16690 | Orc:1    | Reached skill level 14 in Fighting
 16959 | Orc:1    | 16959 ||| INVOKING Heroism.
 17065 | Orc:2    | Entered Level 2 of the Orcish Mines
 17148 | Orc:2    | Noticed Erolcha
 17151 | Orc:2    | Killed Erolcha
 17170 | Orc:2    | 17170 ||| Stepping ~*~*~tactically~*~*~ (outnumbered).
 17172 | Orc:2    | 17172 ||| INVOKING Heroism.
 17175 | Orc:2    | 17175 ||| RETREATING.
 17177 | Orc:2    | 17177 ||| Stepping ~*~*~tactically~*~*~ (retreating).
 17178 | Orc:2    | 17178 ||| Stepping ~*~*~tactically~*~*~ (retreating).
 17179 | Orc:2    | 17179 ||| Stepping ~*~*~tactically~*~*~ (retreating).
 17180 | Orc:2    | 17180 ||| Stepping ~*~*~tactically~*~*~ (retreating).
 17181 | Orc:2    | 17181 ||| Stepping ~*~*~tactically~*~*~ (retreating).
 17187 | Orc:2    | 17187 ||| Stepping ~*~*~tactically~*~*~ (outnumbered).
 17188 | Orc:2    | 17188 ||| Stepping ~*~*~tactically~*~*~ (retreating).
 17192 | Orc:2    | Noticed Azrael
 17193 | Orc:2    | 17193 ||| INVOKING Finesse.
 17196 | Orc:2    | Noticed an orc warlord
 17197 | Orc:2    | 17197 ||| Stepping ~*~*~tactically~*~*~ (outnumbered).
 17199 | Orc:2    | 17199 ||| Stepping ~*~*~tactically~*~*~ (retreating).
 17200 | Orc:2    | 17200 ||| Stepping ~*~*~tactically~*~*~ (retreating).
 17204 | Orc:2    | 17204 ||| Stepping ~*~*~tactically~*~*~ (retreating).
 17206 | Orc:2    | 17206 ||| Stepping ~*~*~tactically~*~*~ (outnumbered).
 17207 | Orc:2    | 17207 ||| Stepping ~*~*~tactically~*~*~ (retreating).
 17208 | Orc:2    | 17208 ||| Stepping ~*~*~tactically~*~*~ (retreating).
 17210 | Orc:2    | 17210 ||| Stepping ~*~*~tactically~*~*~ (retreating).
 17217 | Orc:2    | Killed Azrael
 17219 | Orc:2    | 17219 ||| Stepping ~*~*~tactically~*~*~ (retreating).
 17220 | Orc:2    | 17220 ||| Stepping ~*~*~tactically~*~*~ (retreating).
 17221 | Orc:2    | 17221 ||| INVOKING Heroism.
 17225 | Orc:2    | Killed an orc warlord
 17226 | Orc:2    | 17226 ||| Stepping ~*~*~tactically~*~*~ (retreating).
 17289 | Orc:2    | 17289 ||| INVOKING Heroism.
 17290 | Orc:2    | 17290 ||| INVOKING Finesse.
 17346 | Orc:2    | Found Xedoeborch's General Store.
 17363 | Orc:2    | 17363 ||| BUYING +5 ring of evasion (576 gold).
 17363 | Orc:2    | Bought a +5 ring of evasion for 576 gold pieces
 17363 | Orc:2    | 17363 ||| BUYING potion of might (64 gold).
 17363 | Orc:2    | Bought a potion of might for 64 gold pieces
 17389 | Orc:2    | Found Atiho's Antique Armour Shoppe.
 17405 | Orc:2    | 17405 ||| BUYING pair of gloves (139 gold).
 17405 | Orc:2    | Bought a pair of gloves for 139 gold pieces
 17426 | Orc:2    | Found Jeyd's Book Shop.
 17432 | Orc:2    | 17432 ||| UPGRADING to +0 pair of gloves.
 17437 | Orc:2    | 17437 ||| READING scroll of enchant armour.
 17437 | Orc:2    | 17437 ||| ENCHANTING +0 pair of gloves.
 17438 | Orc:2    | 17438 ||| UPGRADING to +5 ring of evasion.
 17440 | Orc:2    | 17440 ||| DROPPING ring of ice.
 17441 | Orc:2    | 17441 ||| DROPPING ring of see invisible.
 17563 | Orc:2    | Found Gecumm's Antique Weapon Boutique.
 17579 | Orc:2    | Found a staircase to the Elven Halls.
 17827 | Orc:2    | 17827 ||| PLANNING SNAKE:1-3
 17980 | Snake:1  | Entered Level 1 of the Snake Pit
 18113 | Snake:1  | 18113 ||| INVOKING Heroism.
 18118 | Snake:1  | Reached skill level 15 in Fighting
 18120 | Snake:1  | 18120 ||| Stepping ~*~*~tactically~*~*~ (outnumbered).
 18126 | Snake:1  | 18126 ||| RETREATING.
 18133 | Snake:1  | Received a gift from Okawaru
 18141 | Snake:1  | 18141 ||| INVOKING Heroism.
 18142 | Snake:1  | 18142 ||| Stepping ~*~*~tactically~*~*~ (retreating).
 18143 | Snake:1  | 18143 ||| Stepping ~*~*~tactically~*~*~ (retreating).
 18429 | Snake:1  | 18429 ||| RETREATING.
 18583 | Snake:1  | 18583 ||| INVOKING Heroism.
 18946 | Snake:1  | 18946 ||| DROPPING scarf of shadows.
 18947 | Snake:1  | 18947 ||| DROPPING +3 ring mail of cold resistance.
 19011 | Snake:2  | 19011 ||| INVOKING Heroism.
 19013 | Snake:2  | 19013 ||| Stepping ~*~*~tactically~*~*~ (outnumbered).
 19015 | Snake:2  | 19015 ||| Stepping ~*~*~tactically~*~*~ (outnumbered).
 19016 | Snake:2  | 19016 ||| Stepping ~*~*~tactically~*~*~ (outnumbered).
 19017 | Snake:2  | 19017 ||| Stepping ~*~*~tactically~*~*~ (outnumbered).
 19019 | Snake:2  | 19019 ||| Stepping ~*~*~tactically~*~*~ (outnumbered).
 19020 | Snake:2  | 19020 ||| Stepping ~*~*~tactically~*~*~ (outnumbered).
 19023 | Snake:2  | 19023 ||| Stepping ~*~*~tactically~*~*~ (outnumbered).
 19025 | Snake:2  | 19025 ||| Stepping ~*~*~tactically~*~*~ (outnumbered).
 19120 | Snake:2  | 19120 ||| INVOKING Heroism.
 19146 | Snake:2  | 19146 ||| Stepping ~*~*~tactically~*~*~ (retreating).
 19147 | Snake:2  | 19147 ||| Stepping ~*~*~tactically~*~*~ (retreating).
 19148 | Snake:2  | 19148 ||| Stepping ~*~*~tactically~*~*~ (retreating).
 19149 | Snake:2  | 19149 ||| Stepping ~*~*~tactically~*~*~ (retreating).
 19150 | Snake:2  | 19150 ||| Stepping ~*~*~tactically~*~*~ (retreating).
 19249 | Snake:2  | 19249 ||| INVOKING Heroism.
 19254 | Snake:2  | Reached XP level 16. HP: 98/109 MP: 20/23
 19575 | Snake:2  | Reached skill level 16 in Fighting
 19582 | Snake:2  | Found a frozen archway.
 19869 | Snake:3  | 19869 ||| STAIRDANCE
 19877 | Snake:3  | 19877 ||| STAIRDANCE
 19888 | Snake:3  | 19888 ||| STAIRDANCE
 19900 | Snake:3  | 19900 ||| STAIRDANCE
 19906 | Snake:3  | 19906 ||| Stepping ~*~*~tactically~*~*~ (outnumbered).
 19912 | Snake:3  | 19912 ||| Stepping ~*~*~tactically~*~*~ (outnumbered).
 19947 | Snake:3  | Received a gift from Okawaru
 19974 | Snake:3  | Identified the +4 chain mail of Gefem {rN+}
 20009 | Snake:3  | 20009 ||| INVOKING Heroism.
 20013 | Snake:3  | 20013 ||| RETREATING.
 20031 | Snake:3  | 20031 ||| Stepping ~*~*~tactically~*~*~ (outnumbered).
 20040 | Snake:3  | Reached skill level 17 in Fighting
 20566 | Snake:3  | 20566 ||| RETREATING.
 20569 | Snake:3  | 20569 ||| Stepping ~*~*~tactically~*~*~ (outnumbered).
 20582 | Snake:3  | 20582 ||| RETREATING.
 20702 | Snake:3  | 20702 ||| RETREATING.
 20728 | Snake:3  | Found the +7 lajatang of Order {silver, rMut}
 20875 | Snake:3  | 20875 ||| PLANNING SHOALS:1-3
 20998 | Shoals:1 | Entered Level 1 of the Shoals
 20999 | Shoals:1 | 20999 ||| INVOKING Heroism.
 21007 | Shoals:1 | 21007 ||| STAIRDANCE
 21179 | Shoals:1 | 21179 ||| INVOKING Heroism.
 21187 | Shoals:1 | 21187 ||| INVOKING Finesse.
 21283 | Shoals:1 | 21283 ||| INVOKING Heroism.
 21302 | Shoals:1 | Reached skill level 12 in Dodging
 21771 | Shoals:2 | Identified the +1 ring mail of Defence {rC+ Will+ SInv}
 21778 | Shoals:2 | 21778 ||| INVOKING Heroism.
 21982 | Shoals:2 | 21982 ||| READING scroll of enchant armour.
 21982 | Shoals:2 | 21982 ||| ENCHANTING +1 pair of gloves.
 22012 | Shoals:2 | 22012 ||| RETREATING.
 22014 | Shoals:2 | 22014 ||| INVOKING Heroism.
 22015 | Shoals:2 | 22015 ||| Stepping ~*~*~tactically~*~*~ (outnumbered).
 22016 | Shoals:2 | 22016 ||| INVOKING Finesse.
 22073 | Shoals:2 | 22073 ||| Stepping ~*~*~tactically~*~*~ (outnumbered).
 22076 | Shoals:2 | 22076 ||| Stepping ~*~*~tactically~*~*~ (outnumbered).
 22078 | Shoals:2 | 22078 ||| Stepping ~*~*~tactically~*~*~ (outnumbered).
 22080 | Shoals:2 | 22080 ||| Stepping ~*~*~tactically~*~*~ (outnumbered).
 22081 | Shoals:2 | 22081 ||| INVOKING Heroism.
 22158 | Shoals:2 | Noticed Ilsuiw
 22159 | Shoals:2 | 22159 ||| RETREATING.
 22162 | Shoals:2 | 22162 ||| Stepping ~*~*~tactically~*~*~ (outnumbered).
 22164 | Shoals:2 | 22164 ||| INVOKING Heroism.
 22166 | Shoals:2 | 22166 ||| Stepping ~*~*~tactically~*~*~ (outnumbered).
 22167 | Shoals:2 | 22167 ||| Stepping ~*~*~tactically~*~*~ (outnumbered).
 22168 | Shoals:2 | 22168 ||| Stepping ~*~*~tactically~*~*~ (outnumbered).
 22170 | Shoals:2 | 22170 ||| INVOKING Finesse.
 22175 | Shoals:2 | Reached skill level 18 in Fighting
 22181 | Shoals:2 | Killed Ilsuiw
 22326 | Shoals:2 | Found Waer's Armour Boutique.
 22673 | Shoals:2 | 22673 ||| DROPPING +0 cloak.
 22674 | Shoals:2 | 22674 ||| UPGRADING to +1 ring mail of Defence {rC+ Will+
                  | SInv}.
 22684 | Shoals:2 | 22684 ||| DROPPING ring of wizardry.
 22770 | Shoals:3 | Reached XP level 17. HP: 119/119 MP: 24/24
 22827 | Shoals:3 | 22827 ||| INVOKING Heroism.
 22849 | Shoals:3 | Reached skill level 9 in Armour
 23424 | Shoals:3 | 23424 ||| PLANNING SNAKE:4
 23622 | Snake:4  | Entered Level 4 of the Snake Pit
 23623 | Snake:4  | 23623 ||| INVOKING Heroism.
 23625 | Snake:4  | 23625 ||| STAIRDANCE
 23635 | Snake:4  | 23635 ||| STAIRDANCE
 23713 | Snake:4  | Found Kounnupp's Magic Scroll Shoppe.
 23720 | Snake:4  | 23720 ||| Stepping ~*~*~tactically~*~*~ (outnumbered).
 23722 | Snake:4  | 23722 ||| Stepping ~*~*~tactically~*~*~ (outnumbered).
 23726 | Snake:4  | 23726 ||| Stepping ~*~*~tactically~*~*~ (outnumbered).
 23728 | Snake:4  | 23728 ||| Stepping ~*~*~tactically~*~*~ (outnumbered).
 23737 | Snake:4  | 23737 ||| INVOKING Heroism.
 23739 | Snake:4  | 23739 ||| Stepping ~*~*~tactically~*~*~ (outnumbered).
 23751 | Snake:4  | 23751 ||| BUYING scroll of enchant weapon (105 gold).
 23751 | Snake:4  | Bought a scroll of enchant weapon for 105 gold pieces
 23813 | Snake:4  | 23813 ||| RETREATING.
 23826 | Snake:4  | 23826 ||| Stepping ~*~*~tactically~*~*~ (outnumbered).
 23827 | Snake:4  | 23827 ||| Stepping ~*~*~tactically~*~*~ (outnumbered).
 24064 | Snake:4  | 24064 ||| INVOKING Heroism.
 24156 | Snake:4  | 24156 ||| RETREATING.
 24165 | Snake:4  | 24165 ||| Stepping ~*~*~tactically~*~*~ (retreating).
 24189 | Snake:4  | Received a gift from Okawaru
 24240 | Snake:4  | 24240 ||| RETREATING.
 24244 | Snake:4  | 24244 ||| FLEEEEING.
 24248 | Snake:4  | 24248 ||| INVOKING Heroism.
 24313 | Snake:4  | 24313 ||| INVOKING Heroism.
 24317 | Snake:4  | Reached skill level 19 in Fighting
 24388 | Snake:4  | 24388 ||| INVOKING Heroism.
 24412 | Snake:4  | 24412 ||| RETREATING.
 24415 | Snake:4  | 24415 ||| Stepping ~*~*~tactically~*~*~ (outnumbered).
 24416 | Snake:4  | 24416 ||| Stepping ~*~*~tactically~*~*~ (outnumbered).
 24419 | Snake:4  | 24419 ||| Stepping ~*~*~tactically~*~*~ (outnumbered).
 24420 | Snake:4  | 24420 ||| Stepping ~*~*~tactically~*~*~ (outnumbered).
 24421 | Snake:4  | 24421 ||| INVOKING Heroism.
 24488 | Snake:4  | Reached skill level 12 in Armour
 24520 | Snake:4  | 24520 ||| Stepping ~*~*~tactically~*~*~ (retreating).
 24522 | Snake:4  | 24522 ||| Stepping ~*~*~tactically~*~*~ (retreating).
 24611 | Snake:4  | Got a serpentine rune of Zot
 24798 | Snake:4  | 24798 ||| PLANNING VAULTS:1-4
 25067 | Vaults:1 | Entered Level 1 of the Vaults
 25068 | Vaults:1 | 25068 ||| STAIRDANCE
 25174 | Vaults:1 | 25174 ||| STAIRDANCE
 25286 | Vaults:1 | 25286 ||| Stepping ~*~*~tactically~*~*~ (retreating).
 25287 | Vaults:1 | 25287 ||| Stepping ~*~*~tactically~*~*~ (retreating).
 25291 | Vaults:1 | Identified the +8 shortbow of the Hierophant {drain, *Slow
                  | rN++} (Okawaru gifted it to you on level 1 of the Vaults)
 25291 | Vaults:1 | Received a gift from Okawaru
 25293 | Vaults:1 | 25293 ||| INVOKING Heroism.
 25298 | Vaults:1 | Reached XP level 18. HP: 67/129 MP: 23/25
 25299 | Vaults:1 | Reached skill level 20 in Fighting
 25406 | Vaults:1 | 25406 ||| FLEEEEING.
 25407 | Vaults:1 | 25407 ||| FLEEEEING.
 25408 | Vaults:1 | 25408 ||| FLEEEEING.
 25409 | Vaults:1 | 25409 ||| STAIRDANCE
 25549 | Vaults:1 | 25549 ||| STAIRDANCE
 25662 | Vaults:1 | 25662 ||| STAIRDANCE
 25996 | Vaults:1 | 25996 ||| RETREATING.
 25998 | Vaults:1 | 25998 ||| INVOKING Heroism.
 26000 | Vaults:1 | 26000 ||| INVOKING Finesse.
 26002 | Vaults:1 | 26002 ||| Stepping ~*~*~tactically~*~*~ (retreating).
 26003 | Vaults:1 | 26003 ||| Stepping ~*~*~tactically~*~*~ (retreating).
 26167 | Vaults:1 | Identified the +2 animal skin of Hangman {rElec rC+ rCorr}
                  | (Okawaru gifted it to you on level 1 of the Vaults)
 26167 | Vaults:1 | Received a gift from Okawaru
 26168 | Vaults:1 | 26168 ||| FLEEEEING.
 26169 | Vaults:1 | 26169 ||| FLEEEEING.
 26319 | Vaults:1 | 26319 ||| RETREATING.
 26346 | Vaults:1 | 26346 ||| Stepping ~*~*~tactically~*~*~ (retreating).
 26347 | Vaults:1 | 26347 ||| Stepping ~*~*~tactically~*~*~ (retreating).
 26348 | Vaults:1 | 26348 ||| Stepping ~*~*~tactically~*~*~ (retreating).
 26432 | Vaults:1 | Reached skill level 21 in Fighting
 26528 | Vaults:1 | 26528 ||| INVOKING Finesse.
 26621 | Vaults:1 | 26621 ||| RETREATING.
 26794 | Vaults:1 | 26794 ||| RETREATING.
 26809 | Vaults:1 | 26809 ||| Stepping ~*~*~tactically~*~*~ (outnumbered).
 27124 | Vaults:1 | 27124 ||| FLEEEEING.
 27126 | Vaults:1 | 27126 ||| FLEEEEING.
 27127 | Vaults:1 | 27127 ||| FLEEEEING.
 27400 | Vaults:1 | Found Neheadui's Antique Armour Shoppe.
 27408 | Vaults:1 | 27408 ||| READING scroll labelled MOWAIF ZIS FUI.
 27542 | Vaults:2 | 27542 ||| PLANNING WIZLAB
 27566 | Vaults:2 | 27566 ||| Stepping ~*~*~tactically~*~*~ (outnumbered).
 27569 | Vaults:2 | 27569 ||| INVOKING Heroism.
 27570 | Vaults:2 | 27570 ||| INVOKING Finesse.
 27573 | Vaults:2 | 27573 ||| Stepping ~*~*~tactically~*~*~ (outnumbered).
 27786 | Vaults:2 | 27786 ||| RETREATING.
 27871 | Vaults:2 | 27871 ||| Stepping ~*~*~tactically~*~*~ (outnumbered).
 27880 | Vaults:2 | 27880 ||| INVOKING Heroism.
 28024 | Vaults:2 | Found a staircase to the Crypt.
 28073 | Vaults:2 | 28073 ||| RETREATING.
 28076 | Vaults:2 | Reached XP level 19. HP: 137/137 MP: 26/26
 28076 | Vaults:2 | 28076 ||| INVOKING Heroism.
 28079 | Vaults:2 | 28079 ||| INVOKING Finesse.
 28200 | Vaults:2 | 28200 ||| RETREATING.
 28206 | Vaults:2 | 28206 ||| INVOKING Heroism.
 28212 | Vaults:2 | 28212 ||| INVOKING Finesse.
 28230 | Vaults:2 | 28230 ||| Stepping ~*~*~tactically~*~*~ (retreating).
 28235 | Vaults:2 | 28235 ||| INVOKING Heroism.
 28283 | Vaults:2 | 28283 ||| RIP WIZLAB
 28320 | Vaults:2 | 28320 ||| PLANNING VAULTS:1-4
 28321 | Vaults:2 | 28321 ||| INVOKING Finesse.
 28382 | Vaults:2 | 28382 ||| READING scroll of acquirement.
 28382 | Vaults:2 | 28382 ||| ACQUIRING 1013 gold pieces
 28382 | Vaults:2 | Acquired 1013 gold pieces
 28479 | Vaults:2 | 28479 ||| FLEEEEING.
 28489 | Vaults:2 | 28489 ||| STAIRDANCE
 29042 | Vaults:2 | Identified the +0 ring mail of Subjectivity {Contam +Inv
                  | Fly rN+ Int+2}
 29293 | Vaults:2 | 29293 ||| INVOKING Heroism.
 29314 | Vaults:2 | 29314 ||| DROPPING +0 ring mail of Subjectivity {Contam
                  | +Inv Fly rN+ Int+2}.
 29330 | Vaults:3 | 29330 ||| INVOKING Finesse.
 29331 | Vaults:3 | 29331 ||| RETREATING.
 29335 | Vaults:3 | 29335 ||| Stepping ~*~*~tactically~*~*~ (retreating).
 29336 | Vaults:3 | 29336 ||| Stepping ~*~*~tactically~*~*~ (retreating).
 29337 | Vaults:3 | 29337 ||| Stepping ~*~*~tactically~*~*~ (retreating).
 29338 | Vaults:3 | 29338 ||| INVOKING Heroism.
 29396 | Vaults:3 | 29396 ||| Stepping ~*~*~tactically~*~*~ (retreating).
 29397 | Vaults:3 | 29397 ||| Stepping ~*~*~tactically~*~*~ (retreating).
 29398 | Vaults:3 | 29398 ||| Stepping ~*~*~tactically~*~*~ (retreating).
 29399 | Vaults:3 | 29399 ||| Stepping ~*~*~tactically~*~*~ (retreating).
 29400 | Vaults:3 | 29400 ||| Stepping ~*~*~tactically~*~*~ (retreating).
 29401 | Vaults:3 | 29401 ||| Stepping ~*~*~tactically~*~*~ (retreating).
 29402 | Vaults:3 | 29402 ||| Stepping ~*~*~tactically~*~*~ (retreating).
 29403 | Vaults:3 | 29403 ||| Stepping ~*~*~tactically~*~*~ (retreating).
 29404 | Vaults:3 | 29404 ||| Stepping ~*~*~tactically~*~*~ (retreating).
 29407 | Vaults:3 | Reached skill level 22 in Fighting
 29414 | Vaults:3 | 29414 ||| Stepping ~*~*~tactically~*~*~ (retreating).
 29415 | Vaults:3 | 29415 ||| Stepping ~*~*~tactically~*~*~ (outnumbered).
 29416 | Vaults:3 | 29416 ||| Stepping ~*~*~tactically~*~*~ (outnumbered).
 29446 | Vaults:3 | 29446 ||| FLEEEEING.
 29447 | Vaults:3 | 29447 ||| RETREATING.
 29450 | Vaults:3 | 29450 ||| Stepping ~*~*~tactically~*~*~ (retreating).
 29452 | Vaults:3 | 29452 ||| Stepping ~*~*~tactically~*~*~ (retreating).
 29454 | Vaults:3 | 29454 ||| INVOKING Heroism.
 29796 | Vaults:3 | 29796 ||| RETREATING.
 29883 | Vaults:3 | 29883 ||| Stepping ~*~*~tactically~*~*~ (retreating).
 29884 | Vaults:3 | 29884 ||| Stepping ~*~*~tactically~*~*~ (retreating).
 29885 | Vaults:3 | 29885 ||| Stepping ~*~*~tactically~*~*~ (retreating).
 29907 | Vaults:3 | 29907 ||| FLEEEEING.
 29913 | Vaults:3 | 29913 ||| FLEEEEING.
 29914 | Vaults:3 | 29914 ||| FLEEEEING.
 29915 | Vaults:3 | 29915 ||| RETREATING.
 29920 | Vaults:3 | 29920 ||| INVOKING Finesse.
 29936 | Vaults:3 | Reached skill level 15 in Dodging
 29939 | Vaults:3 | Received a gift from Okawaru
 30303 | Vaults:3 | 30303 ||| RETREATING.
 30391 | Vaults:3 | Noticed Norris
 30392 | Vaults:3 | 30392 ||| RETREATING.
 30403 | Vaults:3 | Killed Norris
 30523 | Vaults:3 | 30523 ||| RETREATING.
 30525 | Vaults:3 | 30525 ||| Stepping ~*~*~tactically~*~*~ (retreating).
 30528 | Vaults:3 | 30528 ||| Stepping ~*~*~tactically~*~*~ (outnumbered).
 30574 | Vaults:3 | 30574 ||| DROPPING ring of resist corrosion.
 30678 | Vaults:4 | 30678 ||| RETREATING.
 30683 | Vaults:4 | 30683 ||| Stepping ~*~*~tactically~*~*~ (retreating).
 30684 | Vaults:4 | 30684 ||| Stepping ~*~*~tactically~*~*~ (retreating).
 30685 | Vaults:4 | 30685 ||| Stepping ~*~*~tactically~*~*~ (retreating).
 30686 | Vaults:4 | 30686 ||| Stepping ~*~*~tactically~*~*~ (retreating).
 30687 | Vaults:4 | 30687 ||| Stepping ~*~*~tactically~*~*~ (retreating).
 30688 | Vaults:4 | 30688 ||| Stepping ~*~*~tactically~*~*~ (retreating).
 30689 | Vaults:4 | 30689 ||| Stepping ~*~*~tactically~*~*~ (retreating).
 30690 | Vaults:4 | 30690 ||| Stepping ~*~*~tactically~*~*~ (retreating).
 30791 | Vaults:4 | 30791 ||| Stepping ~*~*~tactically~*~*~ (outnumbered).
 30796 | Vaults:4 | 30796 ||| Stepping ~*~*~tactically~*~*~ (outnumbered).
 30798 | Vaults:4 | 30798 ||| Stepping ~*~*~tactically~*~*~ (outnumbered).
 30800 | Vaults:4 | 30800 ||| Stepping ~*~*~tactically~*~*~ (outnumbered).
 30801 | Vaults:4 | 30801 ||| Stepping ~*~*~tactically~*~*~ (outnumbered).
 30811 | Vaults:4 | Reached XP level 20. HP: 146/147 MP: 27/27
 30902 | Vaults:4 | Found Raerhun's Armour Emporium.
 30936 | Vaults:4 | Received a gift from Okawaru
 30938 | Vaults:4 | 30938 ||| DROPPING +1 heavy triple crossbow.
 31089 | Vaults:4 | 31089 ||| RETREATING.
 31112 | Vaults:4 | 31112 ||| Stepping ~*~*~tactically~*~*~ (retreating).
 31132 | Vaults:4 | Reached skill level 23 in Fighting
 31323 | Vaults:4 | 31323 ||| INVOKING Finesse.
 31328 | Vaults:4 | Identified the ring of Heiwk {Drain rF+++ Str-3 SInv
                  | Stlth+}
 31329 | Vaults:4 | 31329 ||| Stepping ~*~*~tactically~*~*~ (outnumbered).
 31336 | Vaults:4 | 31336 ||| RETREATING.
 31488 | Vaults:4 | 31488 ||| Stepping ~*~*~tactically~*~*~ (outnumbered).
 31566 | Vaults:4 | 31566 ||| INVOKING Heroism.
 31567 | Vaults:4 | 31567 ||| INVOKING Finesse.
 31697 | Vaults:4 | 31697 ||| Stepping ~*~*~tactically~*~*~ (retreating).
 31698 | Vaults:4 | 31698 ||| Stepping ~*~*~tactically~*~*~ (retreating).
 31700 | Vaults:4 | 31700 ||| Stepping ~*~*~tactically~*~*~ (retreating).
 31811 | Vaults:4 | 31811 ||| PLANNING SHOALS:4
 32253 | Shoals:4 | Entered Level 4 of the Shoals
 32256 | Shoals:4 | 32256 ||| RETREATING.
 32258 | Shoals:4 | 32258 ||| Stepping ~*~*~tactically~*~*~ (retreating).
 32265 | Shoals:4 | 32265 ||| INVOKING Heroism.
 32268 | Shoals:4 | 32268 ||| Stepping ~*~*~tactically~*~*~ (outnumbered).
 32270 | Shoals:4 | 32270 ||| Stepping ~*~*~tactically~*~*~ (retreating).
 32446 | Shoals:4 | 32446 ||| FLEEEEING.
 32450 | Shoals:4 | 32450 ||| RETREATING.
 32458 | Shoals:4 | Noticed Polyphemus
 32465 | Shoals:4 | 32465 ||| INVOKING Heroism.
 32468 | Shoals:4 | Identified the +1 hat "Qaoff" {rCorr Stlth+} (Okawaru
                  | gifted it to you on level 4 of the Shoals)
 32468 | Shoals:4 | Received a gift from Okawaru
 32476 | Shoals:4 | Killed Polyphemus
 32481 | Shoals:4 | HP: 32/149 [satyr/arrow (13)]
 32482 | Shoals:4 | 32482 ||| READING 11 scrolls of teleportation.
 32482 | Shoals:4 | HP: 11/149 [merfolk impaler/+5 trident of venom (6)]
 32482 | Shoals:4 | Slain by a merfolk

Levels and vault maps discovered:
D:1:      lemuel_arrival_rhombus, layout_loops_corners, serial_shops,
          nicolae_shop_tiny_real_fake_doors, serial_glass, glass_columns_a,
          glass_columns_a, glass_columns_b, glass_columns_a, glass_columns_b,
          glass_columns_c
D:2:      layout_basic, basic_ecumenical_altar, minmay_quantized
D:3:      layout_basic, serial_shops, nicolae_diamond_shop,
          nicolae_kite_square_tiling_tiny, uniq_crazy_yiuf_cottage, uniq_ijyb,
          uniq_robin
D:4:      minmay_evil_eye, layout_loops_ring, nicolae_hepliaklqana_hazy_memory,
          mainiacjoe_overflow_divided_tiny
D:5:      layout_basic
D:6:      layout_loops_ring, minmay_temple_entry_proselytizer
D:7:      layout_basic, minmay_chambers_of_fives
D:8:      layout_layer_cave
D:9:      old_forge, layout_basic, old_standard_altar,
          nicolae_dithmenos_through_a_glass_darkly, lair_entry_dummy
D:10:     layout_stronghold, lemuel_zombie_altar_kikubaaqudgha, orc_david_3,
          serial_shops, nicolae_shop_competitors_out_of_business, enter_bailey_2
D:11:     layout_rooms, uniq_snorg
D:12:     layout_basic, uniq_josephine
D:13:     layout_roguey, uniq_maurice
D:14:     layout_roguey, david_vaults_4, gammafunk_ghost_icy,
          grunt_gozag_breadcrumbs, serial_glass, glass_columns_c,
          glass_columns_a, uniq_louise, uniq_nessos
D:15:     grunt_enter_depths_magical_seal, layout_gridville,
          columned_hall_lemuel, nicolae_vehumet_altar_sigil, uniq_jorgrun
Temple:   kb_temple_of_zot
Lair:1:   layout_loops_ring, dreamdust_deal_with_the_devil, st_stairs_6,
          serial_bayou_crossing, lemuel_fruit_tree
Lair:2:   layout_hall_layers, alex1729_snake_entry_snake,
          nicolae_quartered_pool_medium
Lair:3:   layout_regular_city, elwin_shoals_entry_stream,
          chequers_serial_rivers_large_b, serial_bayou_pond_e, st_stairs_10,
          lemuel_fruit_fields, lemuel_fruit_fields
Lair:4:   layout_gridlike, nicolae_volcano_entry_vermiform, serial_rivers,
          chequers_serial_rivers_marsh, chequers_serial_rivers_marsh,
          chequers_serial_rivers_small_b, chequers_serial_rivers_micro_d,
          chequers_serial_rivers_micro_d
Lair:5:   cheibrodos_lair_end_hotspot, layout_long_grid, slime_entry_1,
          st_stairs_12, tgw_fedhas
Shoals:1: layout_shoals, nicolae_shoals_pincushion_passage
Shoals:2: cheibrodos_shoals_epimethial_gifts, layout_shoals, serial_shops,
          nicolae_shop_just_a_little_nook, uniq_ilsuiw
Shoals:3: layout_shoals
Shoals:4: shoals_end_hangedman, layout_shoals, nicolae_shoals_bring_sunscreen,
          uniq_polyphemus
Snake:1:  layout_chambers, nicolae_snake_springs
Snake:2:  layout_onion_interference, portal_ice_cave_entry_ice_simulacra
Snake:3:  layout_layer_cave, nicolae_large_snake_swirl, serial_bayou_shore_b,
          serial_bayou_shore_b
Snake:4:  snake_pit_salamanders_mu, layout_misc_corridors,
          nicolae_snake_linked_coils, st_stairs_1, minmay_shop_star
Orc:1:    cheibrodos_orc_bank, layout_diamond_mine
Orc:2:    grunt_orc_gardens, layout_caves, grunt_orc_garden, grunt_orc_garden,
          grunt_orc_garden, grunt_orc_garden, uniq_azrael, uniq_erolcha
Vaults:1: v_rooms_6, nicolae_vaults_fighting_squares,
          nicolae_vaults_double_plus_1, nicolae_vaults_closet_pinwheel_4,
          v_misc_32, vaults_room_semicircle, v_pattern_4,
          nicolae_vaults_trapezoid_lopsided_1, v_misc_13,
          layout_vaults_omnigrid, serial_shops, shop
Vaults:2: mu_enter_wizlab_6, ontoclasm_vaults_spin, nicolae_vaults_swerve,
          nicolae_vaults_lightning_bolt, nicolae_vaults_closet_pinwheel_2,
          nicolae_vaults_little_ls, ontoclasm_vaults_decontamination,
          nicolae_vaults_statue_guard, nicolae_vaults_weapon_check,
          nicolae_vaults_trapezoid_lopsided_1, layout_vaults_chaotic_city,
          blue_anna_dwarven_crypt
Vaults:3: nicolae_vaults_hallways_thing, nicolae_vaults_big_ls,
          vaults_mumra_bighexcomb, nicolae_vaults_tetromino_T_2,
          hangedman_vaults_stretched_pinwheel, nicolae_vaults_six-pack,
          nicolae_vaults_stepped_doors, v_misc_30, ontoclasm_vaults_shuriken,
          vaults_mumra_minichess, nicolae_vaults_turnstiles,
          layout_vaults_omnibox, uniq_norris
Vaults:4: nicolae_vaults_whirlpool_walls, hangedman_vaults_slither,
          nicolae_vaults_oval_intersection, ontoclasm_vaults_chip,
          nicolae_vaults_little_squares_2,
          nicolae_vaults_taking_the_gang_shopping, nicolae_vaults_diamond_2,
          nicolae_vaults_network_star, nicolae_vaults_two_Ls, vaults_dpeg_doors,
          hangedman_vaults_stitches, nicolae_vaults_network_quinsquares
          [nicolae_vaults_network_quincunx_subvault,
          nicolae_vaults_network_quincunx_subvault,
          nicolae_vaults_network_quincunx_subvault,
          nicolae_vaults_network_quincunx_subvault],
          nicolae_vaults_tetromino_T_2, nicolae_vaults_apartment_2,
          layout_vaults_big_cross

Skill      XL: |  1  2  3  4  5  6  7  8  9 10 11 12 13 14 15 16 17 18 19 20 |
---------------+-------------------------------------------------------------+-----
Ranged Weapons | 5 6 8 10 11 13 14 15 17 18 | 18.0
Fighting       | 3 4 6 8 10 11 13 15 18 19 21 22 23 | 23.6
Armour         | 2 3 4 5 6 7 8 12 13 14 | 14.0
Dodging        | 2 3 4 5 7 9 11 12 14 15 16 | 16.0
Invocations    | 3 4 5 9 10 | 10.1
Stealth        | |  1.1

Action                     |  1- 3 |  4- 6 |  7- 9 | 10-12 | 13-15 | 16-18 | 19-21 || total
---------------------------+-------+-------+-------+-------+-------+-------+-------++-------
   Fire: Shortbow          |    81 |   127 |   179 |       |       |       |       ||   387
         Orcbow            |       |       |   223 |   182 |       |       |       ||   405
         Arbalest          |       |       |       |   174 |   540 |   769 |   485 ||  1968
 Invoke: Heroism           |       |       |     3 |    19 |    26 |    20 |     9 ||    77
         Finesse           |       |       |       |     1 |     7 |     6 |     7 ||    21
    Use: Scroll            |     2 |     5 |    12 |     8 |     5 |     2 |     2 ||    36
         Potion            |       |     1 |     2 |       |     4 |       |       ||     7
 Armour: Leather armour    |    24 |    63 |    53 |       |       |       |       ||   140
         Ring mail         |       |       |    84 |   118 |    12 |   108 |   103 ||   425
         Troll leather arm |       |       |       |       |    50 |    23 |       ||    73
  Dodge: Dodged            |    21 |    82 |   240 |   192 |   176 |   386 |   363 ||  1460

Table legend:
 A = Non-vault XP
 B = Vault XP
 C = Vault XP percentage of total XP
 D = Non-vault monster count
 E = Vault monster count
 F = Vault count percentage of total count
                 A         B        C        D         E       F
            +---------+---------+-------+---------+---------+-------
      Total |  247369 |  213830 |  46.4 |     737 |     395 |  34.9
            +---------+---------+-------+---------+---------+-------
        D:1 |      22 |       0 |   0.0 |      12 |       0 |   0.0
        D:2 |      54 |      18 |  25.0 |      15 |       4 |  21.1
        D:3 |      33 |      64 |  66.0 |      15 |       9 |  37.5
        D:4 |     555 |      67 |  10.8 |      39 |       4 |   9.3
        D:5 |     783 |       0 |   0.0 |      30 |       0 |   0.0
        D:6 |     898 |      41 |   4.4 |      10 |       1 |   9.1
        D:7 |     855 |     156 |  15.4 |      28 |       5 |  15.2
        D:8 |    1468 |       0 |   0.0 |      22 |       0 |   0.0
        D:9 |    2064 |     254 |  11.0 |      33 |       3 |   8.3
       D:10 |    4630 |     903 |  16.3 |      30 |       7 |  18.9
       D:11 |    2887 |     967 |  25.1 |      11 |       1 |   8.3
       D:12 |    4397 |    1726 |  28.2 |      13 |       5 |  27.8
       D:13 |    3004 |     449 |  13.0 |       7 |       1 |  12.5
       D:14 |    7515 |    4291 |  36.3 |      15 |       6 |  28.6
       D:15 |   11990 |    6323 |  34.5 |      26 |       9 |  25.7
     Lair:1 |    2058 |     418 |  16.9 |       8 |       2 |  20.0
     Lair:2 |    2378 |     855 |  26.4 |      13 |       3 |  18.8
     Lair:3 |    7627 |    2022 |  21.0 |      30 |       6 |  16.7
     Lair:4 |    4570 |     676 |  12.9 |      14 |       1 |   6.7
     Lair:5 |   11808 |    8112 |  40.7 |      29 |      27 |  48.2
   Shoals:1 |    8079 |    6430 |  44.3 |      14 |       7 |  33.3
   Shoals:2 |    4822 |   10354 |  68.2 |      11 |      16 |  59.3
   Shoals:3 |    9257 |       0 |   0.0 |      18 |       0 |   0.0
   Shoals:4 |    5856 |   15464 |  72.5 |      14 |      23 |  62.2
    Snake:1 |    9361 |    5112 |  35.3 |      16 |       8 |  33.3
    Snake:2 |   11561 |    3100 |  21.1 |      24 |       8 |  25.0
    Snake:3 |   15153 |       0 |   0.0 |      34 |       0 |   0.0
    Snake:4 |   17937 |   28345 |  61.2 |      38 |      42 |  52.5
      Orc:1 |     581 |     947 |  62.0 |      16 |      13 |  44.8
      Orc:2 |    3033 |   10740 |  78.0 |      22 |      34 |  60.7
   Vaults:1 |   39138 |   23101 |  37.1 |      56 |      32 |  36.4
   Vaults:2 |   17751 |   10181 |  36.4 |      26 |      16 |  38.1
   Vaults:3 |   19907 |   34064 |  63.1 |      25 |      47 |  65.3
   Vaults:4 |   15337 |   38650 |  71.6 |      23 |      55 |  70.5
            +---------+---------+-------+---------+---------+-------
